 Dungeon Crawl Stone Soup version 0.22.1-1-ga44c0e56f4 (webtiles) character file.

7255 Mjsee792 the Blocker (level 10, -2/141 HPs)
             Began as a Minotaur Fighter on Oct 14, 2018.
             Was a Priest of Okawaru.
             Slain by a yak (11 damage)
             ... on level 10 of the Dungeon.
             The game lasted 00:18:17 (9717 turns).

Mjsee792 the Blocker (Minotaur Fighter)             Turns: 9717, Time: 00:18:18

Health: -2/141     AC:  9    Str: 30    XL:     10   Next: 88%
Magic:  9/9        EV:  8    Int:  5    God:    Okawaru [***...]
Gold:   346        SH: 20    Dex: 13    Spells: 9/9 levels left

rFire    + . .     SeeInvis .   x - +4 spear (vamp)
rCold    . . .     Gourm    .   I - -1 large shield
rNeg     . . .     Faith    +   b - +0 scale mail
rPois    .         Spirit   .   (helmet restricted)
rElec    .         Reflect  .   (no cloak)
rCorr    .         Harm     .   (no gloves)
MR       ++...                  (no boots)
Stlth    ..........             g - amulet of faith
HPRegen  0.33/turn              s - ring of protection from fire
MPRegen  0.11/turn              t - ring of protection from magic

@: mighty, berserking, slowed
A: retaliatory headbutt, hooves 1, horns 2, magic resistance 1, strong 2
a: Heroism, Renounce Religion


You were on level 10 of the Dungeon.
You worshipped Okawaru.
Okawaru was most pleased with you.
You were not hungry.

You visited 2 branches of the dungeon, and saw 11 of its levels.

You collected 580 gold pieces.
You spent 234 gold pieces at shops.

Inventory:

Hand Weapons
 a - a +0 war axe
 x - a +4 vampiric spear (weapon)
Armour
 b - a +0 scale mail (worn)
 c - a +0 shield
 I - a -1 large shield (worn)
Jewellery
 g - an amulet of faith (around neck)
 s - a ring of protection from fire (left hand)
 t - a ring of protection from magic (right hand)
Wands
 o - a wand of iceblast (9)
 w - a wand of flame (23)
 B - a wand of paralysis (7)
 F - a wand of acid (5)
Scrolls
 e - 3 scrolls of magic mapping
 j - a scroll of remove curse
 k - a scroll of immolation
 v - a scroll of amnesia
Potions
 d - a potion of might
 h - a potion of degeneration
 m - 3 potions of curing
 p - 2 potions of flight
 z - a potion of lignification
 A - a potion of resistance
 D - a potion of brilliance
Miscellaneous
 H - a lamp of fire
Comestibles
 f - 21 rations


   Skills:
 + Level 10.9 Fighting
 - Level 2.4 Axes
 + Level 11.7 Armour
 + Level 13.0 Shields


You had 9 spell levels left.
You didn't know any spells.
Your spell library contained the following spells:

 Spells                   Type           Power        Failure   Level  Hunger
 Beastly Appendage        Tmut           #.....       99%         1    ##.....
 Sticks to Snakes         Tmut           #.......     100%        2    ###....
 Spider Form              Tmut/Pois      #.........   100%        3    ####...
 Ice Form                 Ice/Tmut       #.......     100%        4    #####..
 Blade Hands              Tmut           #.........   100%        5    ######.


Dungeon Overview and Level Annotations

Branches:
Dungeon (10/15)            Temple (1/1) D:7            Lair (0/6) D:9
    Orc: D:9-12

Altars:
Ashenzari
Cheibriados
Dithmenos
Elyvilon
Fedhas
Gozag
Hepliaklqana
Kikubaaqudgha
Makhleb
Nemelex Xobeh
Okawaru
Qazlal
Ru
Sif Muna
Trog
Uskayaw
Vehumet
Wu Jian
Xom
Yredelemnul
Zin
The Shining One
Lugonu

Shops:
D:7 }

Annotations:
D:3 1 runed door


Innate Abilities, Weirdness & Mutations

You reflexively headbutt those who attack you in melee.
You have a pair of horns on your head.
You have large cloven feet.
You are resistant to hostile enchantments. (MR+)
Your muscles are very strong. (Str +4)


Message History

You puncture the yak!
You feel better.
You kick the yak, but do no damage. You headbutt the yak!
The yak is almost dead.
You block the yak's attack. The yak closely misses you.
You furiously retaliate!
You headbutt the yak! You block the orc's attack.
The hippogriff closely misses you. You furiously retaliate!
You headbutt the hippogriff! The hippogriff closely misses you.
You block the hippogriff's attack. The yak gores you but does no damage.
The wraith closely misses you.
An orc comes into view. It is wielding a falchion.
The yak gores you!
* * * LOW HITPOINT WARNING * * *
Unknown command.
Unknown command.
You barely miss the yak. Your kick misses the yak. You headbutt the yak.
You kill the yak!
Okawaru accepts your kill.
Your Shields skill increases to level 13!
The yak gores you but does no damage. The yak gores you!
You die...

#############################
...(.........................
.............................
......######................#
......# #................#
......# #....†Y))........#
......# #...o@Y..........#
......# #..oHWY..........#
......# #....Yy..........#
......# #....o...........
......# #..........(....
......# #..............
......# #.....>.......
......# #.......o.... ......#


You could see a hippogriff, 4 yaks, a hornet, a wraith, an orc wizard and 3
orcs.

Vanquished Creatures
  A two-headed ogre (D:8)
  A hornet (D:8)
  Prince Ribbit (D:7)
  2 wyverns (D:9)
  4 hogs (D:9)
  4 yaks
  A basilisk (D:9)
  A hungry ghost (D:10)
  A human (D:9)
  An acid dragon (D:9)
  2 water moccasins (D:7)
  Duvessa (D:7)
  2 orc warriors
  A sky beast (D:7)
  6 ice beasts
  The ghost of speilhur the Ruffian, an amateur TrCj (D:3)
  2 phantoms
  A necrophage (D:10)
  3 ogres
  2 centaurs (D:8)
  A crocodile (D:9)
  A gnoll sergeant (D:5)
  8 bullfrogs
  2 scorpions (D:7)
  Dowan (D:7)
  6 killer bees (D:10)
  A crimson imp (D:9)
  2 bullfrog zombies
  4 howler monkeys
  A quasit (D:10)
  A centaur zombie (D:8)
  5 hounds
  A jelly (D:2)
  3 orc priests
  4 orc wizards
  4 iguanas
  8 worker ants
  A hound zombie (D:5)
  2 hound skeletons
  A howler monkey skeleton (D:5)
  11 adders
  6 gnolls
  5 shadow imps
  An ooze (D:4)
  An adder zombie (D:8)
  An adder skeleton (D:5)
  3 worms
  2 dart slugs (D:3)
  5 leopard geckos
  32 orcs
  3 bats
  3 giant cockroaches
  7 goblins
  5 hobgoblins
  8 jackals
  5 quokkas
  2 ball pythons
  A frilled lizard (D:3)
  A goblin skeleton (D:6)
  2 hobgoblin zombies (D:6)
  A jackal skeleton (D:8)
  5 kobolds
  A kobold skeleton (D:6)
  A kobold zombie (D:6)
  A leopard gecko zombie (D:9)
  2 orc skeletons (D:6)
  An orc zombie (D:6)
  A quokka skeleton (D:6)
  A quokka zombie (D:7)
  7 rats
220 creatures vanquished.

Notes
Turn   | Place    | Note
-------+----------+-------------------------------------------
     0 | D:1      | Mjsee792 the Minotaur Fighter began the quest for the Orb.
     0 | D:1      | Reached XP level 1. HP: 19/19 MP: 0/0
   394 | D:1      | Reached XP level 2. HP: 25/27 MP: 1/1
   773 | D:2      | Reached skill level 4 in Shields
   837 | D:2      | Reached XP level 3. HP: 33/33 MP: 2/2
   906 | D:2      | Reached XP level 4. HP: 40/41 MP: 3/3
  1642 | D:3      | Reached skill level 5 in Armour
  1695 | D:3      | Reached XP level 5. HP: 36/47 MP: 4/4
  1787 | D:3      | Reached skill level 5 in Shields
  2080 | D:3      | Found an ornate altar of the Wu Jian Council.
  2202 | D:3      | Found a runed door.
  2205 | D:3      | Noticed speilhur's ghost (amateur TrCj)
  2214 | D:3      | Reached skill level 5 in Fighting
  2259 | D:3      | Found a runed door.
  2407 | D:3      | HP: 2/72 [speilhur's ghost (6)]
  2409 | D:3      | Killed speilhur's ghost
  2409 | D:3      | Reached XP level 6. HP: 1/56 MP: 5/5
  2928 | D:4      | Found a snail-covered altar of Cheibriados.
  3275 | D:4      | Found a blossoming altar of Fedhas.
  3561 | D:5      | Entered Level 5 of the Dungeon
  3616 | D:5      | Noticed an ice beast
  3625 | D:5      | Killed an ice beast
  3625 | D:5      | Reached skill level 6 in Shields
  3625 | D:5      | Reached XP level 7. HP: 35/62 MP: 6/6
  4295 | D:5      | Reached skill level 7 in Shields
  4694 | D:5      | You fall through a shaft!
  4770 | D:6      | Found an ancient bone altar of Kikubaaqudgha.
  4778 | D:6      | Reached XP level 8. HP: 38/73 MP: 7/7
  5052 | D:6      | Found an ancient bone altar of Kikubaaqudgha.
  5224 | D:6      | Found a glowing golden altar of the Shining One.
  5452 | D:7      | Found a staircase to the Ecumenical Temple.
  5459 | D:7      | Reached skill level 8 in Shields
  5467 | Temple   | Entered the Ecumenical Temple
  5595 | D:7      | Noticed Prince Ribbit
  5619 | D:7      | Killed Prince Ribbit
  5903 | D:5      | Found a shadowy altar of Dithmenos.
  5905 | D:5      | Found a shimmering altar of Xom.
  6081 | D:7      | Reached skill level 9 in Shields
  6081 | D:7      | Reached XP level 9. HP: 78/81 MP: 8/8
  6144 | D:7      | Noticed Dowan
  6146 | D:7      | Noticed Duvessa
  6151 | D:7      | Killed Dowan
  6184 | D:7      | Killed Duvessa
  6405 | D:7      | Found Rined's Gadget Boutique.
  6413 | D:7      | Bought a wand of acid (5) for 234 gold pieces
  6785 | D:8      | Found a bloodstained altar of Trog.
  6864 | D:8      | Found a shattered altar of Ashenzari.
  6878 | D:8      | Reached skill level 10 in Armour
  6878 | D:8      | Reached skill level 10 in Shields
  7247 | D:8      | Noticed a two-headed ogre
  7264 | D:8      | Killed a two-headed ogre
  7264 | D:8      | Reached skill level 10 in Fighting
  7264 | D:8      | Reached skill level 11 in Shields
  7264 | D:8      | Reached XP level 10. HP: 13/93 MP: 9/9
  7686 | D:8      | Found a hazy altar of Hepliaklqana.
  7686 | D:8      | Found a white marble altar of Elyvilon.
  7724 | D:8      | Found an iron altar of Okawaru.
  7794 | D:8      | Became a worshipper of Warmaster Okawaru
  8083 | D:9      | Found a burning altar of Makhleb.
  8241 | D:9      | Reached * piety under Okawaru
  8428 | D:9      | Found a white marble altar of Elyvilon.
  8491 | D:9      | Reached skill level 12 in Shields
  8518 | D:9      | Reached ** piety under Okawaru
  8858 | D:9      | Noticed a cacodemon
  8861 | D:9      | Noticed a smoke demon
  9238 | D:9      | Found a staircase to the Lair.
  9339 | D:10     | Entered Level 10 of the Dungeon
  9619 | D:10     | Reached *** piety under Okawaru
  9710 | D:10     | Gained mutation: You have large cloven feet. [potion of
                  | mutation]
  9710 | D:10     | Gained mutation: You are resistant to hostile enchantments.
                  | (MR+) [potion of mutation]
  9710 | D:10     | Gained mutation: Your muscles are strong. (Str +2) [potion
                  | of mutation]
  9710 | D:10     | Gained mutation: Your muscles are very strong. (Str +4)
                  | [potion of mutation]
  9715 | D:10     | HP: 7/141 [yak (5)]
  9717 | D:10     | Reached skill level 13 in Shields
  9717 | D:10     | Slain by a yak

Skill      XL: |  1  2  3  4  5  6  7  8  9 10 |
---------------+-------------------------------+-----
Fighting       | 4 5 7 8 10 | 10.9
Armour         | 4 5 6 8 9 10 11 | 11.7
Shields        | 4 5 6 7 9 11 13 | 13.0
Axes           | |  2.4

Action                   |  1- 3 |  4- 6 |  7- 9 | 10-12 || total
-------------------------+-------+-------+-------+-------++-------
Melee: War axe           |    48 |   138 |    84 |       ||   270
       Headbutt          |     9 |    26 |    80 |    68 ||   183
       Spear             |       |       |   291 |   269 ||   560
       Kick              |       |       |       |     3 ||     3
Invok: Heroism           |       |       |       |     1 ||     1
Evoke: Wand              |       |     2 |       |       ||     2
  Use: Potion            |       |     1 |       |     5 ||     6
       Scroll            |       |       |       |    18 ||    18
  Eat: Chunk             |       |     7 |     8 |     6 ||    21
       Ration            |       |       |     3 |     2 ||     5
Armor: Scale mail        |    17 |    46 |   100 |    98 ||   261
       Skin              |       |     5 |       |       ||     5
Dodge: Dodged            |    15 |    38 |    70 |    92 ||   215
Block: Shield            |    25 |    94 |   205 |    69 ||   393
       Large shield      |       |       |       |   187 ||   187
